 Dungeon Crawl Stone Soup version 0.23.2-40-g277498a (webtiles) character file.

Game seed: 783271565013448465

10317 Fang the Fighter (level 11, 0/111 HPs)
             Began as a Gargoyle Berserker on Oct 23, 2019.
             Was a High Priest of Trog.
             Slain by an 11-headed hydra (2 damage)
             ... on level 12 of the Dungeon.
             The game lasted 00:14:14 (9437 turns).

Fang the Fighter (Gargoyle Berserker)               Turns: 9437, Time: 00:14:14

Health: 0/111      AC: 25    Str: 29    XL:     11   Next: 60%
Magic:  3/3        EV: 13    Int:  8    God:    Trog [*****.]
Gold:   720        SH:  0    Dex:  9    Spells: 10/10 levels left

rFire    . . .     SeeInvis .   r - +3 broad axe "Ydeumoxto" {antimagic, rC+ rN+ Stlth+}
rCold    + . .     Gourm    .   (no shield)
rNeg     + + +     Faith    .   b - +0 pearl dragon scales
rPois    ∞         Spirit   .   (no helmet)
rElec    +         Reflect  .   (no cloak)
rCorr    .         Harm     .   (no gloves)
MR       .....                  y - +2 pair of boots {Stlth+}
Stlth    ..........             (no amulet)
HPRegen  0.28/turn              (no ring)
MPRegen  0.08/turn              (no ring)

@: berserking, very quick
A: negative energy resistance 1, electricity resistance, unbreathing,
petrification resistance, rot immunity, AC +8
a: Berserk, Trog's Hand, Brothers in Arms, Renounce Religion


You were on level 12 of the Dungeon.
You worshipped Trog.
Trog was extremely pleased with you.
You were hungry.

You visited 2 branches of the dungeon, and saw 13 of its levels.

You collected 720 gold pieces.

Inventory:

Hand Weapons
 a - a +2 battleaxe of protection
 d - a +4 antimagic battleaxe
 r - the +3 broad axe "Ydeumoxto" (weapon) {antimagic, rC+ rN+ Stlth+}
   (You acquired it on level 9 of the Dungeon)

   It reduces the magical energy of the wielder, and disrupts the spells and
   magical abilities of those hit.
   Natural abilities and divine invocations are not affected.
   It protects you from cold.
   It protects you from negative energy.
   It makes you more stealthy.
Armour
 b - +0 pearl dragon scales (worn)
 y - a +2 pair of boots of stealth (worn)
Jewellery
 z - an uncursed ring of flight {unknown}
Wands
 q - a wand of flame (17)
 s - a wand of polymorph (7)
 x - a wand of acid (9)
 A - a wand of iceblast (7)
Scrolls
 h - 4 scrolls of remove curse
 i - 6 scrolls of teleportation
 l - 4 scrolls of fear
 m - a scroll of magic mapping
 o - a scroll of identify
 C - a scroll of enchant armour {unknown}
Potions
 e - 4 potions of haste
 f - a potion of mutation
 g - 2 potions of degeneration {unknown}
 j - 3 potions of might
 k - 3 potions of heal wounds
 n - 2 potions of curing {unknown}
 p - 2 potions of ambrosia {unknown}
 t - 2 potions of flight
 u - 2 potions of cancellation
 v - 2 potions of invisibility {unknown}
 w - a potion of magic {unknown}
 B - a potion of berserk rage {unknown}
Comestibles
 c - 20 rations
 D - 13 chunks of flesh


   Skills:
 * Level 11.5 Fighting
 * Level 9.8 Axes
 + Level 8.5 Armour
 + Level 6.6 Dodging


You had 10 spell levels left.
You didn't know any spells.
Your spell library was empty.

Dungeon Overview and Level Annotations

Branches:
Dungeon (12/15)            Temple (1/1) D:5            Lair (0/6) D:9
    Orc (0/2) D:10

Altars:
Trog
Vehumet

Shops:
D:4 =   D:10 [   D:11 *


Innate Abilities, Weirdness & Mutations

You are resistant to torment.
Your stone body is resilient. (AC +8)
You are immune to poison.
You resist negative energy. (rN+)
You are resistant to electric shocks. (rElec)
You can survive without breathing.
You are immune to petrification.
You are immune to rotting.


Message History

The nine-headed hydra bites you.
* * * LOW HITPOINT WARNING * * *
The nine-headed hydra bites you but does no damage.
You chop one of the nine-headed hydra's heads off!
The eight-headed hydra grows two more!
You slice the ten-headed hydra!!
The ten-headed hydra is heavily wounded.
The ten-headed hydra bites you.
* * * LOW HITPOINT WARNING * * *
The ten-headed hydra completely misses you.
The ten-headed hydra bites you but does no damage. x6
The ten-headed hydra misses you.
The ten-headed hydra bites you but does no damage.
You slice one of the ten-headed hydra's heads off!
The nine-headed hydra grows two more!
You slice the 11-headed hydra!!
The 11-headed hydra is almost dead.
The deep elf mage casts a spell.
The 11-headed hydra closely misses you.
The 11-headed hydra bites you but does no damage.
The 11-headed hydra bites you.
You die...

#.......#
#.......#
#.......#
#..$....#
#.<.?...#
#..<....#
#.......#
#.......#
#.....@D#
#!.######†.#
##. ....e #
.####.# .!
.. #.. .#


You could see a 11-headed hydra and a deep elf mage.

Vanquished Creatures
  Nergalle (D:10)
  An unseen horror (D:11)
  A manticore (D:12)
  A komodo dragon (D:11)
  3 trolls (D:11)
  A hornet (D:7)
  Grinder (D:4)
  A hippogriff (D:10)
  2 shadows (D:11)
  Sigmund (D:2)
  A wyvern (D:10)
  9 yaks
  A hungry ghost (D:11)
  2 water moccasins (D:10)
  8 orc warriors
  3 sky beasts
  4 ice beasts
  2 phantoms
  8 ogres
  5 centaurs
  A big kobold (D:7)
  7 bullfrogs
  10 killer bees (D:10)
  A scorpion (D:10)
  6 crimson imps
  A bullfrog zombie (D:6)
  A quasit (D:8)
  A centaur zombie (D:11)
  8 orc priests
  3 hounds
  3 jellies
  9 orc wizards
  Jessica (D:2)
  A bullfrog skeleton (D:9)
  An iguana (D:6)
  Terence (D:3)
  6 worker ants
  A killer bee zombie (D:8)
  2 hound zombies
  A hound skeleton (D:10)
  Robin (D:3)
  A worker ant zombie (D:9)
  5 adders
  8 gnolls
  2 shadow imps (D:10)
  5 oozes
  2 worms
  5 dart slugs
  4 leopard geckos
  38 orcs
  10 giant cockroaches
  12 goblins
  11 hobgoblins
  11 jackals
  7 kobolds
  A quokka (D:3)
  9 bats
  4 frilled lizards
  A giant cockroach zombie (D:5)
  2 quokka zombies
  5 rats
265 creatures vanquished.

Notes
Turn   | Place    | Note
-------+----------+-------------------------------------------
     0 | D:1      | Fang the Gargoyle Berserker began the quest for the Orb.
     0 | D:1      | Reached XP level 1. HP: 14/14 MP: 1/1
    54 | D:1      | Reached XP level 2. HP: 19/19 MP: 2/2
   200 | D:1      | Reached XP level 3. HP: 20/23 MP: 3/3
   479 | D:1      | Reached ** piety under Trog
   960 | D:2      | Reached XP level 4. HP: 29/29 MP: 4/4
   999 | D:2      | Noticed Jessica
  1005 | D:2      | Killed Jessica
  1005 | D:2      | Reached skill level 4 in Fighting
  1301 | D:2      | Noticed Sigmund
  1315 | D:2      | Killed Sigmund
  1315 | D:2      | Reached XP level 5. HP: 34/34 MP: 5/5
  1315 | D:2      | Reached XP level 6. HP: 39/39 MP: 6/6
  1583 | D:3      | Noticed Robin
  1597 | D:3      | Killed Robin
  1684 | D:3      | Noticed Terence
  1697 | D:3      | Reached *** piety under Trog
  1701 | D:3      | Killed Terence
  2547 | D:4      | Reached skill level 5 in Fighting
  2547 | D:4      | Reached XP level 7. HP: 33/44 MP: 7/7
  2699 | D:4      | Found Lunargh's Jewellery Shop.
  2843 | D:4      | Noticed Grinder
  2853 | D:4      | Paralysed by Grinder for 5 turns
  2864 | D:4      | Paralysed by Grinder for 7 turns
  2876 | D:4      | Paralysed by Grinder for 5 turns
  2934 | D:4      | Paralysed by Grinder for 3 turns
  2947 | D:4      | Killed Grinder
  3034 | D:4      | Reached skill level 5 in Axes
  3088 | D:4      | Reached skill level 6 in Fighting
  3215 | D:5      | Entered Level 5 of the Dungeon
  3223 | D:5      | Reached XP level 8. HP: 32/51 MP: 8/8
  3830 | D:5      | Found a staircase to the Ecumenical Temple.
  3840 | D:5      | Reached skill level 5 in Armour
  3901 | Temple   | Entered the Ecumenical Temple
  4480 | D:6      | Reached **** piety under Trog
  4573 | D:6      | Reached skill level 7 in Fighting
  4842 | D:6      | Reached XP level 9. HP: 55/57 MP: 9/9
  5280 | D:7      | Noticed a hornet
  5301 | D:7      | Killed a hornet
  5301 | D:7      | Reached skill level 8 in Fighting
  6220 | D:8      | Reached skill level 5 in Dodging
  6742 | D:9      | Identified a scroll of acquirement
  6745 | D:9      | Got a faintly glowing broad axe
  6746 | D:9      | Identified the +3 broad axe "Ydeumoxto" {antimagic, rC+ rN+
                  | Stlth+} (You acquired it on level 9 of the Dungeon)
  6846 | D:9      | Reached skill level 9 in Fighting
  7000 | D:9      | Found a staircase to the Lair.
  7030 | D:9      | Found a bloodstained altar of Trog.
  7058 | D:9      | Reached XP level 10. HP: 62/66 MP: 3/10
  7626 | D:10     | Entered Level 10 of the Dungeon
  7654 | D:10     | Reached ***** piety under Trog
  7852 | D:10     | Noticed Nergalle
  7876 | D:10     | Killed Nergalle
  7876 | D:10     | Reached skill level 10 in Fighting
  7892 | D:10     | Found Puwn's Antique Armour Shoppe.
  8093 | D:10     | Received a gift from Trog
  8380 | D:10     | Found a staircase to the Orcish Mines.
  8555 | D:10     | Reached XP level 11. HP: 73/73 MP: 3/11
  8694 | D:11     | Found a radiant altar of Vehumet.
  8718 | D:11     | Killed an unseen horror
  8798 | D:11     | Reached skill level 11 in Fighting
  8850 | D:11     | Found Donlicra's General Store.
  9424 | D:12     | Noticed a manticore
  9425 | D:12     | Noticed a six-headed hydra
  9433 | D:12     | Killed a manticore
  9434 | D:12     | Noticed a deep elf mage
  9435 | D:12     | HP: 5/111 [nine-headed hydra (3)]
  9435 | D:12     | HP: 2/111 [nine-headed hydra (3)]
  9437 | D:12     | Slain by an 11-headed hydra

Skill      XL: |  1  2  3  4  5  6  7  8  9 10 11 |
---------------+----------------------------------+-----
Axes           | 3 4 5 6 7 9 |  9.8
Dodging        | 2 3 4 5 6 |  6.6
Fighting       | 4 5 6 7 9 10 11 | 11.5
Armour         | 3 4 5 6 7 8 |  8.5

Action                   |  1- 3 |  4- 6 |  7- 9 | 10-12 || total
-------------------------+-------+-------+-------+-------++-------
Melee: Hand axe          |    87 |   195 |   597 |       ||   879
       Battleaxe         |       |       |    37 |       ||    37
       Broad axe         |       |       |    26 |   275 ||   301
Invok: Berserk           |       |     2 |     5 |     5 ||    12
       Trog's Hand       |       |       |     2 |     1 ||     3
  Use: Scroll            |       |       |    13 |     4 ||    17
 Stab: Sleeping          |     1 |       |     1 |     1 ||     3
  Eat: Chunk             |       |     6 |    22 |    14 ||    42
Armor: Animal skin       |    31 |       |       |       ||    31
       Chain mail        |       |    96 |       |       ||    96
       Pearl dragon scal |       |    48 |   434 |   274 ||   756
Dodge: Dodged            |    70 |   124 |   392 |   265 ||   851
